 Dungeon Crawl Stone Soup version 0.31-a0-133-gaae73658be (webtiles) character file.

Game seed: 5957769126425764727

13846 ryw the Martial Artist (level 11, -4/75 HPs)
             Began as a Demonspawn Monk on June 2, 2023.
             Was an Elder of Hepliaklqana.
             Slain by a death yak (16 damage)
             ... on level 10 of the Dungeon on June 3, 2023.
             The game lasted 00:42:42 (15345 turns).

ryw the Martial Artist (Demonspawn Monk)           Turns: 15345, Time: 00:42:42

Health: -4/75      AC:  7    Str: 15    XL:     11   Next: 80%
Magic:  17/17      EV: 15    Int: 13    God:    Hepliaklqana [****..]
Gold:   244        SH:  6    Dex: 15    Spells: 17/18 levels left

rFire   + .          .
                       - Unarmed
rCold   + . .        p - +1 buckler {reflect}
rNeg    . . .        G - +2 leather armour "Baucyrremod" {rF+ rC+}
rPois   +            n - +0 helmet
rElec   .            (no cloak)
rCorr   .            (no gloves)
SInv    .            z - +0 pair of boots
Will    +....        (no amulet)
Stlth   +            s - ring of poison resistance
HPRegen 0.32/turn    w - ring of willpower
MPRegen 0.15/turn

%: reflection
@: about to teleport
A: reduced essence, claws 2, repulsion field 1, demonic guardian 1, demonic
magic 2
a: Renounce Religion, Recall Ancestor, Ancestor Identity, Transference, Idealise


You were on level 10 of the Dungeon.
You worshipped Hepliaklqana.
Hepliaklqana was greatly pleased with you.
You visited 2 branches of the dungeon, and saw 12 of its levels.

You collected 814 gold pieces.
You spent 570 gold pieces at shops.

Inventory:

Missiles
 j - 28 poisoned darts (quivered)
 v - 7 boomerangs
Armour
 n - a +0 helmet (worn)
 p - a +1 buckler of reflection (worn)
 z - a +0 pair of boots (worn)
 G - the +2 leather armour "Baucyrremod" (worn) {rF+ rC+}
   (You bought it in a shop on level 6 of the Dungeon)

   rF:        It protects you from fire.
   rC:        It protects you from cold.
Jewellery
 h - a ring of protection from cold
 o - a ring of see invisible
 s - a ring of poison resistance (left claw)
 w - a ring of willpower (right claw)
 x - a ring of protection from fire
Wands
 c - a wand of digging (5)
 m - a wand of paralysis (17)
 q - a wand of flame (38)
Scrolls
 a - 2 scrolls of magic mapping
 f - 2 scrolls of enchant weapon
 i - a scroll of poison
 k - a scroll of blinking {unknown}
 t - 3 scrolls of amnesia
 y - 2 scrolls of identify
 A - a scroll of fear
 C - a scroll of butterflies
Potions
 b - a potion of brilliance
 d - 3 potions of curing
 g - 4 potions of mutation
 l - a potion of berserk rage
 r - 2 potions of degeneration
 u - 2 potions of haste
 B - 3 potions of ambrosia
 D - a potion of attraction {unknown}
 E - 2 potions of heal wounds
 F - a potion of enlightenment {unknown}


   Skills:
 - Level 7.0 Fighting
 + Level 3.0 Armour
 + Level 5.0 Dodging
 - Level 5.0 Shields
 * Level 13.8 Unarmed Combat
 - Level 4.0 Spellcasting
 - Level 5.0 Summonings


You had 17 spell levels left.
You knew the following spells:

 Your Spells              Type           Power      Damage    Failure   Level
a - Summon Small Mammal   Summ           60%        N/A       4%          1

Your spell library contained the following spells:

 Spells                   Type           Power      Damage    Failure   Level
 Apportation              Tloc           4%         N/A       32%         1
 Necrotise                Necr           8%         1d4       32%         1
 Ensorcelled Hibernation  Hex/Ice        4%         N/A       43%         2
 Passwall                 Tmut/Erth      1%         N/A       43%         2
 Frozen Ramparts          Ice            4%         1d1       67%         3
 Swiftness                Air            2%         N/A       67%         3
 Tukima's Dance           Hex            2%         N/A       67%         3
 Summon Ice Beast         Ice/Summ       9%         N/A       75%         4
 Ice Form                 Ice/Tmut       2%         N/A       97%         4
 Passage of Golubria      Tloc           2%         N/A       97%         4
 Yara's Violent Unravell  Hex/Tmut       1%         3d3       100%        5


Dungeon Overview and Level Annotations

Branches:
Dungeon (11/15)            Temple (1/1) D:5            Lair (0/5) D:11
    Orc: D:9-12

Altars:
Ashenzari
Cheibriados
Dithmenos
Fedhas
Gozag
Hepliaklqana
Kikubaaqudgha
Makhleb
Nemelex Xobeh
Okawaru
Qazlal
Ru
Sif Muna
Trog
Uskayaw
Vehumet
Wu Jian
Xom
Yredelemnul

Shops:
D:4 ::   D:5 (   D:6 =[[[   D:7 (

Annotations:
D:3 1 runed translucent door, Crazy Yiuf
D:9 1 runed translucent door, logorrheac's ghost, novice GnWn
D:11 Lodul


Innate Abilities, Weirdness & Mutations

Your life essence is reduced to manifest your ancestor. (-10% HP)
You have very sharp fingernails.
You are surrounded by a mild repulsion field. (EV +2)
A weak demonic guardian rushes to your aid.
Spells you cast may paralyse nearby enemies.


Message History

Your rat bites the death yak but does no damage.
You claw the death yak!
You kill the death yak!
Training target 7.0 for Fighting reached!
Your Fighting skill increases to level 7!
You start resting.
Magic restored.
You start resting.
Your quokka disappears in a puff of smoke!
Your rat disappears in a puff of smoke!
HP restored.
Unknown command.
Casting: Summon Small Mammal (safe; 4% risk of failure)
Confirm with . or Enter, or press ? or * to list all spells.
Okay, then.
Unknown command.
Okay, then.
Unknown command.
Unknown command.
You swap places.
There is a stone staircase leading down, spattered with blood here.
You climb downwards.
Level annotation: Lodul The death yak gores you!!
There is a stone staircase leading up, spattered with blood here.
The death yak gores you!!
A demonic guardian appears!
You climb upwards.
There is a stone staircase leading down, spattered with blood here.
Casting: Summon Small Mammal (safe; 4% risk of failure)
Confirm with . or Enter, or press ? or * to list all spells.
Malevolent energies surge around you. The death yak gores you!
* * * LOW HITPOINT WARNING * * *
Nenetl barely misses the death yak.
The death yak attacks as you move away! The death yak gores you!
* * * LOW HITPOINT WARNING * * *
The death yak attacks as you move away! The death yak gores you.
* * * LOW HITPOINT WARNING * * *
As you read the scroll of teleportation, it crumbles to dust.
You feel strangely unstable. The death yak gores you!
You die...

...####.........###..............
...###.......................#.##
.#............##.......#....####
.#............#.............##
.#...........##..###.........##
.#..........###......##.......#
...........####..........##...##
.............#...........#.....#
._..............@....).........#
.............#...Y...[)........#
.........#.....(..R.[..........#
.#...........##....r........#.##
.#......#....##.........##..##.##
.#..................#..####......
.#............#.....##>####....##
..............#..........#....##
...........##...............###


You could see the friendly Nenetl the knight, a death yak (ally target) and a
friendly rat (summoned).

Vanquished Creatures
  Harold (D:9)
  A death yak (D:10)
  A tengu warrior (D:9)
  2 ugly things
  A troll (D:11)
  A hornet (D:7)
  Prince Ribbit (D:5)
  A vampire (D:10)
  2 wraiths
  6 yaks
  Grum (D:9)
  A steam dragon (D:10)
  Edmund (D:4)
  Duvessa (D:6)
  A sky beast (D:7)
  An orc warrior (D:8)
  A black bear (D:5)
  An ice beast (D:7)
  A wolf (D:9)
  2 centaurs (D:10)
  A phantom (D:7)
  A gnoll sergeant (D:8)
  2 bullfrogs (D:8)
  4 scorpions
  Dowan (D:6)
  9 wights
  10 killer bees
  5 howler monkeys
  2 hounds
  3 orc priests
  Terence (D:2)
  4 iguanas
  6 orc wizards
  6 gnolls
  15 adders
  A shadow imp (D:6)
  A white imp (D:7)
  An ufetubus (D:4)
  A worm (D:3)
  6 dart slugs
  26 orcs
  8 ball pythons
  7 bats
  13 endoplasms
  A giant cockroach (D:2)
  11 goblins
  11 hobgoblins
  8 jackals
  5 quokkas
  2 frilled lizards (D:3)
  7 kobolds
  4 rats
211 creatures vanquished.

Vanquished Creatures (collateral kills)
  3 death yaks
  A two-headed ogre (D:10)
  Psyche (D:9)
  2 hornets
  A vampire (D:10)
  4 yaks
  An ice beast (D:7)
  5 orc warriors
  2 wolves (D:9)
  4 centaurs
  2 kobold brigands
  A bullfrog (D:8)
  A scorpion (D:7)
  7 wights
  6 killer bees
  A howler monkey (D:9)
  2 orc priests (D:8)
  A jelly (D:5)
  A gnoll bouda (D:9)
  2 orc wizards
  A gnoll (D:8)
  6 orcs
  A quokka (D:5)
  3 training dummies (D:5)
  6 kobolds
65 creatures vanquished.

Vanquished Creatures (others)
  8 knights
8 creatures vanquished.

Grand Total: 284 creatures vanquished

Notes
Turn   | Place    | Note
-------+----------+-------------------------------------------
     0 | D:1      | ryw the Demonspawn Monk began the quest for the Orb.
     0 | D:1      | Reached XP level 1. HP: 18/18 MP: 1/1
   111 | D:1      | Gained mutation: Spells you cast may paralyse adjacent
                  | enemies. [demonic ancestry]
   111 | D:1      | Reached XP level 2. HP: 16/24 MP: 2/2
   116 | D:1      | Reached skill level 3 in Unarmed Combat
   551 | D:1      | Gained mutation: You have sharp fingernails. [demonic
                  | ancestry]
   551 | D:1      | Reached XP level 3. HP: 29/30 MP: 3/3
  1316 | D:2      | Noticed Terence
  1329 | D:2      | Killed Terence
  1330 | D:2      | Gained mutation: You are surrounded by a mild repulsion
                  | field. (EV +2) [demonic ancestry]
  1330 | D:2      | Reached XP level 4. HP: 29/37 MP: 4/4
  1774 | D:3      | Reached skill level 1 in Armour
  1956 | D:3      | Reached skill level 4 in Unarmed Combat
  1976 | D:3      | Learned a level 1 spell: Summon Small Mammal
  2115 | D:3      | Reached XP level 5. HP: 42/42 MP: 5/5
  2254 | D:3      | Found a stormy altar of Qazlal.
  2447 | D:3      | Found a runed translucent door.
  2448 | D:3      | Noticed Crazy Yiuf
  2540 | D:4      | Found Hoaheunopt's Tremendous Tomes.
  2722 | D:4      | Found a bloodstained altar of Trog.
  2778 | D:4      | Found Ishrenau's Book Emporium.
  2801 | D:4      | Reached skill level 1 in Spellcasting
  2801 | D:4      | Reached skill level 1 in Summonings
  3156 | D:3      | Reached XP level 6. HP: 43/48 MP: 7/7
  3391 | D:4      | Found a large runed translucent door.
  3391 | D:4      | Found a large runed translucent door.
  3551 | D:4      | Reached skill level 5 in Unarmed Combat
  3819 | D:4      | Noticed Edmund
  3825 | D:4      | Killed Edmund
  4019 | D:4      | Found a sacrificial altar of Ru.
  4062 | D:5      | Entered Level 5 of the Dungeon
  4122 | D:5      | Gained mutation: Spells you cast may paralyse nearby
                  | enemies. [demonic ancestry]
  4122 | D:5      | Reached XP level 7. HP: 17/54 MP: 10/10
  4384 | D:4      | Found an ornate altar of the Wu Jian Council.
  4842 | D:5      | Found a staircase to the Ecumenical Temple.
  4848 | Temple   | Entered the Ecumenical Temple
  4885 | Temple   | Became a worshipper of Hepliaklqana the Forgotten
  4885 | Temple   | Reached * piety under Hepliaklqana
  4885 | Temple   | Reached ** piety under Hepliaklqana
  4886 | Temple   | Remembered your ancestor Nenetl as a knight
  4919 | D:5      | Reached skill level 6 in Unarmed Combat
  5042 | D:5      | Found a blossoming altar of Fedhas.
  5220 | D:5      | Found Ejeoddu's Firing Range.
  5220 | D:5      | Noticed Prince Ribbit
  5407 | D:5      | Killed Prince Ribbit
  5408 | D:5      | Reached skill level 7 in Unarmed Combat
  5408 | D:5      | Reached XP level 8. HP: 34/54 MP: 9/12
  5645 | D:5      | Found a sparkling altar of Nemelex Xobeh.
  6111 | D:6      | Found Kizuthry's Armour Emporium.
  6124 | D:6      | Found Riskuidi's Antique Armour Shoppe.
  6132 | D:6      | Bought a pair of boots for 108 gold pieces
  6161 | D:6      | Reached skill level 8 in Unarmed Combat
  6212 | D:6      | Found Fawetuc's Armour Shoppe.
  6212 | D:6      | Noticed Duvessa
  6213 | D:6      | Noticed Dowan
  6397 | D:6      | Killed Duvessa
  6400 | D:6      | Killed Dowan
  6466 | D:6      | Found Duczaofi's Jewellery Emporium.
  6729 | D:7      | Found Socsecog's Weapon Shop.
  6775 | D:7      | Reached *** piety under Hepliaklqana
  7201 | D:7      | Reached skill level 9 in Unarmed Combat
  7201 | D:7      | Reached XP level 9. HP: 45/59 MP: 13/13
  7393 | D:7      | Found a snail-covered altar of Cheibriados.
  7594 | D:7      | Reached skill level 1 in Shields
  7715 | D:7      | Found a broken altar of Ashenzari.
  8282 | D:8      | Reached skill level 5 in Fighting
  9125 | D:8      | Found a shimmering blue altar of Sif Muna.
  9227 | D:8      | Gained mutation: You have very sharp fingernails. [demonic
                  | ancestry]
  9227 | D:8      | Reached XP level 10. HP: 64/66 MP: 14/16
  9491 | D:9      | Noticed a brown ugly thing
  9507 | D:9      | Killed a brown ugly thing
  9508 | D:9      | Reached skill level 10 in Unarmed Combat
  9508 | D:9      | Reached skill level 5 in Summonings
  9809 | D:9      | Noticed a tengu warrior
  9821 | D:9      | Killed a tengu warrior
  9822 | D:9      | Reached skill level 5 in Dodging
  9982 | D:9      | Found a shimmering altar of Xom.
 10135 | D:9      | Noticed Grum
 10601 | D:9      | Reached skill level 11 in Unarmed Combat
 10718 | D:9      | Killed Grum
 10750 | D:9      | Noticed Psyche
 10867 | D:9      | Killed Psyche
 11047 | D:9      | Found a runed translucent door.
 11048 | D:9      | Noticed a boulder beetle
 11053 | D:9      | Noticed logorrheac's ghost (novice GnWn)
 11101 | D:9      | Noticed Harold
 11114 | D:9      | Killed Harold
 11115 | D:9      | Reached skill level 5 in Shields
 11462 | D:10     | Entered Level 10 of the Dungeon
 11540 | D:6      | Bought the +2 leather armour "Baucyrremod" {rF+ rC+} for
                  | 462 gold pieces
 11699 | D:10     | Reached **** piety under Hepliaklqana
 11700 | D:10     | Found a burning altar of Makhleb.
 11749 | D:10     | Reached skill level 12 in Unarmed Combat
 11749 | D:10     | Gained mutation: A weak demonic guardian rushes to your
                  | aid. [demonic ancestry]
 11749 | D:10     | Reached XP level 11. HP: 22/71 MP: 14/17
 11782 | D:10     | Noticed a two-headed ogre
 11980 | D:10     | Killed a two-headed ogre
 13411 | D:11     | Noticed a green ugly thing
 13424 | D:11     | Killed a green ugly thing
 13425 | D:11     | Reached skill level 13 in Unarmed Combat
 13635 | D:11     | Noticed a death yak
 13635 | D:11     | Noticed a death yak
 13635 | D:11     | Noticed a death yak
 13636 | D:11     | Found a staircase to the Lair.
 13636 | D:11     | Noticed Lodul
 13636 | D:11     | Noticed a death yak
 13751 | D:10     | Killed a death yak
 13902 | D:11     | Noticed a death yak
 14400 | D:9      | HP: 2/74 [death yak (24)]
 14405 | D:9      | Killed a death yak
 14642 | D:10     | Killed a death yak
 15185 | D:10     | Killed a death yak
 15345 | D:10     | Slain by a death yak

Illustrated notes

Levels and vault maps discovered:
D:1:      wander_arrival_estate, layout_loops_corners
D:2:      layout_loops_ring, minmay_fractal_squares_5, uniq_terence
D:3:      minmay_bubble_buster, layout_rooms, grunt_qazlal_clouds,
          dreamdust_mushroom_princess, uniq_crazy_yiuf_cottage
D:4:      layout_gridville, nicolae_overflow_hidden_temple,
          jmf_multi_god_temple2, nicolae_overflow_crystal_walls, serial_shops,
          nicolae_shop_tiny_glass, nicolae_shop_i_like_big_books,
          dk_noncrumbling_4, chequers_serial_rivers_micro_e, nicolae_half_adder,
          uniq_edmund
D:5:      layout_loops_ring, nemelex_diamond_rough_becter,
          fedhas_ov_isle_minmay, minmay_temple_entry_waves,
          nicolae_shop_firing_range, uniq_prince_ribbit1
D:6:      layout_cave_pools, serial_shops, nicolae_shop_behind_doors,
          nicolae_shop_real_fake_doors, nicolae_shop_tiny_glass,
          nicolae_shop_temple_entry_statues_fountains, nicolae_titane,
          uniq_duvessa
D:7:      layout_cave_pools, nicolae_ashenzari_skybound,
          mainiacjoe_overflow_swirl, serial_shops, shop
D:8:      layout_loops_ring, nicolae_sif_muna_condensation
D:9:      layout_cave_pools, xom_teletrap_fun, ebering_ghost_inner_flame,
          minmay_three_doors, uniq_harold, uniq_psyche, uniq_grum
D:10:     layout_cave_pools, mainiacjoe_overflow_boulevard, zin_statuary
D:11:     layout_loops_ring, dpeg_lair_monsters, uniq_sonja, uniq_lodul
Temple:   nicolae_temple_ecumenical_triangle

Skill      XL: |  1  2  3  4  5  6  7  8  9 10 11 |
---------------+----------------------------------+-----
Dodging        | 3 4 5 |  5.0
Unarmed Combat | 3 4 5 7 9 12 13 | 13.8
Fighting       | 4 5 7 |  7.0
Armour         | 1 2 3 |  3.0
Spellcasting   | 1 2 3 4 |  4.0
Summonings     | 1 2 3 4 5 |  5.0
Shields        | 2 5 |  5.0

Action                     |  1- 3 |  4- 6 |  7- 9 | 10-12 || total
---------------------------+-------+-------+-------+-------++-------
  Melee: Unarmed           |   111 |   208 |   205 |   223 ||   747
  Throw: Dart              |     2 |       |       |     7 ||     9
   Cast: Summon Small Mamm |       |       |    87 |    94 ||   181
 Invoke: Ancestor Life: Kn |       |       |     1 |       ||     1
         Recall Ancestor   |       |       |     5 |    11 ||    16
    Use: Potion            |     1 |     1 |     2 |     3 ||     7
         Scroll            |       |    14 |     3 |     4 ||    21
   Stab: Paralysed         |       |       |    56 |    44 ||   100
         Distracted        |       |       |     3 |     6 ||     9
 Armour: Robe              |    13 |    10 |    21 |    26 ||    70
         Chain mail        |     4 |    15 |       |       ||    19
         Skin              |       |     3 |       |       ||     3
         Leather armour    |       |       |       |    24 ||    24
  Dodge: Dodged            |    74 |   116 |   172 |   196 ||   558
  Block: Buckler           |       |       |       |    49 ||    49
         Reflection        |       |       |       |     1 ||     1

Table legend: (Time is in decaauts)
 A = Elapsed time spent in this place.
 B = Non-inter-level travel time spent in this place.
 C = Inter-level travel time spent in this place.
 D = Time resting spent in this place.
 E = Time spent auto-exploring this place.
 F = Levels seen in this place.
 G = Mean time per level.
                   A        B        C        D        E       F      G
               +--------+--------+--------+--------+--------+-----+--------+
         Total |  15321 |  14288 |   1033 |   4828 |   6651 |  12 | 1276.8 |
       Dungeon |  15265 |  14232 |   1033 |   4818 |   6651 |  11 | 1387.7 |
        Temple |     55 |     55 |      0 |     10 |      0 |   1 |   55.0 |
               +--------+--------+--------+--------+--------+-----+--------+

Top non-repeatable levels by time:
     D:9: 2450 daAuts
    D:10: 2192 daAuts
     D:4: 1943 daAuts
     D:8: 1800 daAuts
     D:7: 1469 daAuts
     D:5: 1459 daAuts
     D:1: 918 daAuts
     D:6: 916 daAuts
     D:2: 841 daAuts
     D:3: 753 daAuts
    D:11: 520 daAuts
  Temple: 55 daAuts
